 Dungeon Crawl Stone Soup version 0.29-a0-490-g77b3608bb8 (webtiles) character file.

Game seed: 10488689731744557544

252 Sobieck the Magician (level 5, -2/35 HPs)
             Began as a Mummy Necromancer on May 26, 2022.
             Slain by a necrophage (3 damage)
             ... on level 4 of the Dungeon.
             The game lasted 00:08:54 (2655 turns).

Sobieck the Magician (Mummy Necromancer)            Turns: 2655, Time: 00:08:55

Health: -2/35      AC:  2    Str: 11    XL:     5   Next: 89%
Magic:  13/13      EV: 12    Int: 17    God:
Gold:   200        SH:  0    Dex: 12    Spells: 15/16 levels left

rFire   x . .      SeeInvis .   a - +0 trident {polearm}
rCold   + . .      Faith    .   (no shield)
rNeg    + + +      Spirit   .   g - +0 robe
rPois   ∞          Reflect  .   (no helmet)
rElec   .          Harm     .   (no cloak)
rCorr   .          Rampage  .   (no gloves)
Will    .....                   (no boots)
Stlth   ++........              (no amulet)
HPRegen 0.11/turn               (no ring)
MPRegen 0.13/turn               (no ring)

@: no status effects
A: cold resistance 1, negative energy resistance 3, torment resistance 2, heat
vulnerability 1, in touch with death 1, no potions
a: no special abilities


You were on level 4 of the Dungeon.
You visited 1 branch of the dungeon, and saw 4 of its levels.

You collected 200 gold pieces.


Innate Abilities, Weirdness & Mutations

You are immune to poison.
Your flesh is cold resistant. (rC+)
You are immune to negative energy. (rN+++)
You are immune to unholy pain and torment.
You are vulnerable to heat. (rF-)
You are in touch with the powers of death.
You do not drink.


   Skills:
 - Level 2.0 Dodging
 - Level 2.0 Stealth
 * Level 6.2 Spellcasting
 - Level 5.0 Necromancy


You had 15 spell levels left.
You knew the following spells:

 Your Spells              Type           Power      Damage    Failure   Level
a - Necrotize             Necr           100%       1d9       1%          1

Your spell library contained the following spells:

 Spells                   Type           Power      Damage    Failure   Level
 Vampiric Draining        Necr           33%        2d8       4%          3
 Slow                     Hex            20%        N/A       13%         1
 Animate Dead             Necr           33%        N/A       16%         4
 Confusing Touch          Hex            5%         N/A       36%         3
 Dazzling Flash           Conj/Hex       10%        N/A       36%         3
 Agony                    Necr           33%        N/A       41%         5
 Silence                  Hex/Air        2%         N/A       98%         5

Inventory:

Hand Weapons
 a - a +0 trident (weapon) {polearm}
   (You found it on level 1 of the Dungeon)
 b - a +0 short sword {short}
   (You took it off a kobold on level 1 of the Dungeon)
 d - a +0 long sword {long}
   (You found it on level 1 of the Dungeon)
 q - a +2 mace of protection {mace}
   (You found it on level 2 of the Dungeon)
Missiles
 f - 53 stones {throwing}
 u - 5 poisoned darts {throwing}
Armour
 e - a +0 leather armour
   (You found it on level 1 of the Dungeon)
 g - a +0 robe (worn)
 h - a +0 ring mail
   (You found it on level 1 of the Dungeon)
 j - a +0 robe
   (You found it on level 1 of the Dungeon)
 n - a +0 leather armour
   (You found it on level 2 of the Dungeon)
 r - a +0 robe
   (You took it off Sigmund on level 2 of the Dungeon)
 s - a +0 scale mail
   (You found it on level 2 of the Dungeon)
 v - a +0 pair of boots
   (You found it on level 3 of the Dungeon)
 w - a +0 chain mail
   (You found it on level 3 of the Dungeon)
 x - a +0 pair of boots
   (You found it on level 3 of the Dungeon)
 z - a +0 scale mail
   (You found it on level 4 of the Dungeon)
Scrolls
 c - a scroll of fear {unknown}
 i - a scroll of brand weapon {unknown}
 k - 3 scrolls of identify {unknown}
 l - a scroll of vulnerability {unknown}
 m - 3 scrolls of poison {unknown}
 o - a scroll of silence {unknown}
 p - a scroll of enchant weapon {unknown}
 t - 3 scrolls of teleportation {unknown}
 y - a scroll of enchant armour {unknown}

Dungeon Overview and Level Annotations

Branches:
Dungeon (4/15)
 Temple: D:4-7

Altars:
Gozag
Makhleb
Yredelemnul
The Shining One

Shops:
D:2

! #....#....#
.##....#..#.#
..#.........#
#........##.#
.#....>....#.#
......>.......####
..................##..
...............@/......
...............n........
........................
........................
........................
........................
........................
........................
......................


You could see a necrophage.


Message History

You kill the endoplasm!
Your goblin skeleton crumbles into dust!
Your goblin skeleton crumbles into dust!
An endoplasm comes into view.
Danger!
Found a stone staircase leading up.
You feel a surge of power!
The endoplasm quivers.
The endoplasm writhes in agony!
You kill the endoplasm!
z - a +0 scale mail A worm comes into view.
Danger!
Found a blackened fluorescent wand.
Found a stone staircase leading down.
Found a stone staircase leading down.
You feel a surge of power!
The worm writhes in agony!
You feel a surge of power!
The worm writhes in agony!
You feel a surge of power!
The worm writhes in agony!
You kill the worm!
Okay, then.
Unknown command.
You now have 200 gold pieces (gained 18).
An ufetubus comes into view.
Danger!
The ufetubus shouts!
You can't see any susceptible monsters within range! (Use Z to cast anyway.) Unknown command.
You reach to attack!
You closely miss the ufetubus. The ufetubus barely misses you.
The ufetubus hits you but does no damage.
You closely miss the ufetubus. The ufetubus completely misses you.
The ufetubus barely misses you. The ufetubus closely misses you.
The ufetubus barely misses you.
You barely miss the ufetubus. The ufetubus hits you.
The ufetubus barely misses you. The ufetubus hits you.
The ufetubus closely misses you.
You closely miss the ufetubus. The ufetubus completely misses you.
The ufetubus hits you.
The ufetubus hits you but does no damage.
The ufetubus barely misses you.
You closely miss the ufetubus.
The ufetubus hits you but does no damage.
The ufetubus barely misses you. x3
You hit the ufetubus. The ufetubus barely misses you.
The ufetubus hits you but does no damage.
The ufetubus barely misses you. The ufetubus misses you.
You miss the ufetubus. The ufetubus closely misses you. The ufetubus hits you.
The ufetubus closely misses you. The ufetubus hits you.
You closely miss the ufetubus. The ufetubus closely misses you.
The ufetubus barely misses you. The ufetubus hits you.
The ufetubus closely misses you.
You miss the ufetubus. The ufetubus hits you. The ufetubus closely misses you.
You completely miss the ufetubus.
The ufetubus hits you but does no damage.
The ufetubus barely misses you. The ufetubus hits you. x2
You hit the ufetubus. The ufetubus hits you. The ufetubus misses you.
The ufetubus hits you.
* * * LOW HITPOINT WARNING * * *
The ufetubus closely misses you.
You puncture the ufetubus!
You kill the ufetubus!
Unknown command.
A necrophage comes into view.
Danger!
You puncture the necrophage! The necrophage hits you.
You hit the necrophage. The necrophage hits you!
The necrophage completely misses you.
You barely miss the necrophage. The necrophage closely misses you.
You hit the necrophage but do no damage.
The necrophage barely misses you.
Unknown command.
You barely miss the necrophage. The necrophage closely misses you.
The necrophage hits you.
You closely miss the necrophage. The necrophage hits you.
* * * LOW HITPOINT WARNING * * *
You hit the necrophage. The necrophage barely misses you.
Aiming: Necrotize (safe; 1% risk of failure)
Press: ? - help, Q - select action, (/) - cycle Shift-Dir - straight line, f - you
Okay, then.
Okay, then.
Unknown command.
You barely miss the necrophage. The necrophage hits you.
* * * LOW HITPOINT WARNING * * *
The necrophage closely misses you.
You hit the necrophage but do no damage.
Your punch misses the necrophage. The necrophage hits you.
* * * LOW HITPOINT WARNING * * *
You closely miss the necrophage. The necrophage closely misses you.
You closely miss the necrophage. The necrophage closely misses you.
You barely miss the necrophage. The necrophage hits you.
* * * LOW HITPOINT WARNING * * *
The necrophage barely misses you.
Unknown command.
You aren't carrying any items that you can evoke.
Unknown command.
The necrophage hits you!
* * * LOW HITPOINT WARNING * * *
The necrophage attacks as you move away!
The necrophage hits you.
You die...

Skill      XL: |  1  2  3  4  5 |
---------------+----------------+-----
Spellcasting   | 3 5 6 |  6.2
Stealth        | 2 |  2.0
Dodging        | 2 |  2.0
Necromancy     | 5 |  5.0

Action                   |  1- 3 |  4- 6 || total
-------------------------+-------+-------++-------
Melee: Trident           |    11 |    24 ||    35
       Long sword        |     2 |       ||     2
 Cast: Necrotize         |    40 |    33 ||    73
 Stab: Sleeping          |     2 |       ||     2
Armor: Robe              |     6 |     5 ||    11
Dodge: Dodged            |    17 |    38 ||    55

Levels and vault maps discovered:
D:1:      onia_arrival_mini_spirals, layout_rooms
D:2:      layout_loops_ring, serial_shops, shop, basic_altar,
          minmay_misc_feat_plants, minmay_misc_feat_secret_circle, uniq_sigmund
D:3:      layout_basic, minitemple, hellmonk_ecumenical_altar_arch_garden
D:4:      layout_layer_cave, minmay_temple_entry_tees

Notes
Turn   | Place    | Note
-------+----------+-------------------------------------------
     0 | D:1      | Sobieck the Mummy Necromancer began the quest for the Orb.
     0 | D:1      | Reached XP level 1. HP: 13/13 MP: 4/4
   315 | D:1      | Reached XP level 2. HP: 19/19 MP: 3/5
   328 | D:1      | Reached skill level 3 in Spellcasting
   593 | D:1      | Reached skill level 2 in Stealth
   650 | D:2      | Reached skill level 2 in Dodging
   650 | D:2      | Gained mutation: You are in touch with the powers of death.
                  | [Mummy growth]
   650 | D:2      | Reached XP level 3. HP: 22/24 MP: 1/7
   699 | D:2      | You pick up a book of Debilitation and begin reading...
   699 | D:2      | You add the spells Slow and Confusing Touch to your
                  | library.
   977 | D:2      | You pick up a book of the Senses and begin reading...
   977 | D:2      | You add the spells Dazzling Flash and Silence to your
                  | library.
  1130 | D:2      | Found Tahyevij's Distillery.
  1151 | D:2      | Noticed Sigmund
  1159 | D:2      | Killed Sigmund
  1160 | D:2      | Reached skill level 5 in Spellcasting
  1160 | D:2      | Reached skill level 5 in Necromancy
  1160 | D:2      | Reached XP level 4. HP: 28/30 MP: 4/11
  1160 | D:2      | Reached XP level 5. HP: 33/35 MP: 4/13
  1614 | D:3      | Found a faded altar of an unknown god.
  1760 | D:3      | Reached skill level 6 in Spellcasting
  2122 | D:3      | Found a basalt altar of Yredelemnul.
  2122 | D:3      | Found a burning altar of Makhleb.
  2122 | D:3      | Found an opulent altar of Gozag.
  2650 | D:4      | HP: 7/35 [necrophage (2)]
  2654 | D:4      | HP: 1/35 [necrophage (7)]
  2655 | D:4      | Slain by a necrophage

Vanquished Creatures
  Sigmund (D:2)
  2 adders (D:2)
  An ufetubus (D:4)
  2 worms
  A dart slug (D:1)
  4 endoplasms
  A giant cockroach (D:3)
  9 goblins
  5 hobgoblins
  5 kobolds
  A quokka (D:1)
  6 ball pythons
  7 bats
  A frilled lizard (D:1)
  A rat (D:1)
47 creatures vanquished.

Vanquished Creatures (collateral kills)
  2 ball pythons (D:1)
  A rat (D:1)
3 creatures vanquished.

Grand Total: 50 creatures vanquished

Table legend:
 A = Non-vault XP
 B = Vault XP
 C = Vault XP percentage of total XP
 D = Non-vault monster count
 E = Vault monster count
 F = Vault count percentage of total count
                 A         B        C        D         E       F
            +---------+---------+-------+---------+---------+-------
      Total |     121 |     239 |  66.4 |      49 |       1 |   2.0
            +---------+---------+-------+---------+---------+-------
        D:1 |      29 |       0 |   0.0 |      17 |       0 |   0.0
        D:2 |      44 |     239 |  84.5 |      12 |       1 |   7.7
        D:3 |      27 |       0 |   0.0 |      14 |       0 |   0.0
        D:4 |      21 |       0 |   0.0 |       6 |       0 |   0.0
            +---------+---------+-------+---------+---------+-------

Illustrated notes

Table legend:
 A = Kills in this place as a percentage of kills in entire the game.
 B = Kills by you in this place as a percentage of kills by you in the entire game.
 C = Kills by friends in this place as a percentage of kills by friends in the entire game.
 D = Other kills in this place as a percentage of other kills in the entire game.
 E = Experience gained in this place as a percentage of experience gained in the entire game.
 F = Experience gained in this place divided by the number of levels of this place that you have seen.
                   A       B       C       D       E      F
               +-------+-------+-------+-------+-------+----------------------
         Total | 100.0 | 100.0 | 100.0 |   N/A | 100.0 |  90.0
       Dungeon | 100.0 | 100.0 | 100.0 |   N/A | 100.0 |  90.0
               +-------+-------+-------+-------+-------+----------------------

Table legend: (Time is in decaauts)
 A = Elapsed time spent in this place.
 B = Non-inter-level travel time spent in this place.
 C = Inter-level travel time spent in this place.
 D = Time resting spent in this place.
 E = Time spent auto-exploring this place.
 F = Levels seen in this place.
 G = Mean time per level.
                   A        B        C        D        E       F      G
               +--------+--------+--------+--------+--------+-----+--------+
         Total |   2664 |   2562 |    102 |      8 |   2118 |   4 |  666.0 |
       Dungeon |   2664 |   2562 |    102 |      8 |   2118 |   4 |  666.0 |
               +--------+--------+--------+--------+--------+-----+--------+

Top non-repeatable levels by time:
     D:2: 868 daAuts
     D:3: 803 daAuts
     D:1: 617 daAuts
     D:4: 374 daAuts
